 Dungeon Crawl Stone Soup version 0.21-a0-621-gc60411f (webtiles) character file.

146 tidbits the Caller (level 5, -1/37 HPs)
             Began as a Gnoll Summoner on Dec 23, 2017.
             Slain by a sky beast (6 damage)
             ... on level 3 of the Dungeon.
             The game lasted 00:08:43 (1007 turns).

tidbits the Caller (Gnoll Summoner)                 Turns: 1007, Time: 00:08:44

Health: -1/37      AC:  2    Str: 10    XL:     5   Next: 28%
Magic:  7/12       EV: 15    Int: 19    God:
Gold:   109        SH:  0    Dex: 15    Spells: 4/14 levels left

rFire    . . .     SeeInvis .   a - +0 short sword
rCold    . . .     Gourm    .   (no shield)
rNeg     . . .     Faith    .   d - +0 robe
rPois    .         Spirit   .   (no helmet)
rElec    .         Reflect  .   (no cloak)
rCorr    .         Harm     .   (no gloves)
MR       .....                  (no boots)
Stlth    +++.......             (no amulet)
HPRegen  0.12/turn              (no ring)
MPRegen  0.13/turn              (no ring)

@: no status effects
A: distributed training, fangs 1, strong nose
a: no special abilities


You were on level 3 of the Dungeon.
You were hungry.

You visited 1 branch of the dungeon, and saw 5 of its levels.
You also visited: Sewer.

You collected 109 gold pieces.

Inventory:

Hand Weapons
 a - a +0 short sword (weapon)
 l - a +0 hand axe
 m - a +0 dagger
 y - a +0 fustibalus
Missiles
 o - 15 arrows
 v - 4 tomahawks (quivered)
Armour
 d - a +0 robe (worn)
 x - a +0 pair of boots
Wands
 r - a wand of iceblast (6)
Scrolls
 g - a scroll of magic mapping {unknown}
 h - 2 scrolls of remove curse {unknown}
 i - a scroll of blinking {unknown}
 k - a scroll of enchant weapon {unknown}
 q - a scroll of amnesia {unknown}
 s - a scroll of immolation {unknown}
 t - a scroll of brand weapon {unknown}
 w - a scroll of enchant armour {unknown}
Potions
 e - a potion of magic {unknown}
 f - a potion of might {unknown}
 j - 2 potions of curing
 n - a potion of berserk rage {unknown}
 p - a potion of agility {unknown}
Books
 b - a book of Callings

   Spells                             Type                      Level
   a - Summon Small Mammal            Summoning                    1
   b - Call Imp                       Summoning                    2
   c - Call Canine Familiar           Summoning                    3
   d - Summon Guardian Golem          Hexes/Summoning              3
   e - Summon Lightning Spire         Summoning/Air                4
   f - Summon Ice Beast               Ice/Summoning                4
Miscellaneous
 u - a crystal ball of energy
Comestibles
 c - 6 rations


   Skills:
 + Level 1.4 Fighting
 + Level 1.4 Short Blades
 + Level 1.4 Long Blades
 + Level 1.4 Axes
 + Level 1.4 Maces & Flails
 + Level 1.4 Polearms
 + Level 1.4 Staves
 + Level 1.4 Slings
 + Level 1.4 Bows
 + Level 1.4 Crossbows
 + Level 1.4 Throwing
 + Level 1.4 Armour
 + Level 4.7 Dodging
 + Level 4.3 Stealth
 + Level 1.4 Shields
 + Level 1.4 Unarmed Combat
 + Level 5.1 Spellcasting
 + Level 1.1 Conjurations
 + Level 1.1 Hexes
 + Level 1.1 Charms
 + Level 7.2 Summonings
 + Level 1.1 Necromancy
 + Level 1.1 Translocations
 + Level 1.1 Transmutations
 + Level 1.1 Fire Magic
 + Level 1.1 Ice Magic
 + Level 1.1 Air Magic
 + Level 1.1 Earth Magic
 + Level 1.1 Poison Magic
 + Level 1.5 Invocations
 + Level 1.4 Evocations


You had 4 spell levels left.
You knew the following spells:

 Your Spells              Type           Power        Failure   Level  Hunger
a - Summon Small Mammal   Summ           ####         1%          1    None
c - Call Canine Familiar  Summ           ####....     1%          3    ##.....
i - Call Imp              Summ           ####....     1%          2    #......
L - Summon Lightning Spi  Summ/Air       ###.....     22%         4    ####...


Dungeon Overview and Level Annotations

Branches:
Dungeon (5/15)
 Temple: D:4-7

Altars:
Ru
Sif Muna

Annotations:
D:4 Blork the orc


Innate Abilities, Weirdness & Mutations

Your experience applies equally to all skills.
You have very sharp teeth.
Your uncanny sense of smell can sniff out nearby items.


Message History

Casting: Call Canine Familiar
Confirm with . or Enter, or press ? or * to list all spells.
Okay, then.
What are your orders? t - Bark!
Orders for allies: a - Attack new target. r - Retreat! s - Stop attacking. g - Guard the area. f - Follow me.
Anything else - Cancel.
Gang up on whom?
Press: ? - help, Dir - move target cursor, f - hound
Aim: a hound Attack!
The hound bites your hound.
Your hound misses the hound. The hound bites your hound.
Your hound barely misses the hound.
The hound closely misses your hound.
Your hound bites the hound.
The hound bites your hound.
Your hound closely misses the hound.
The hound bites your hound.
Your hound dies!
Your hound's corpse disappears in a puff of smoke!
Casting: Call Canine Familiar
Confirm with . or Enter, or press ? or * to list all spells.
The hound misses you.
You hit the hound but do no damage.
The hound is moderately wounded.
The hound bites you but does no damage.
Your hound bites the hound.
The hound bites you but does no damage.
Your hound barely misses the hound.
You hit the hound.
The hound is heavily wounded.
The hound misses you.
Your hound bites the hound.
You hit the hound. You bite the hound, but do no damage.
The hound is almost dead.
The hound closely misses you.
Your hound closely misses the hound.
The hound bites you.
Your hound barely misses the hound.
You closely miss the hound.
The hound is almost dead.
The hound misses you.
Your hound bites the hound.
The hound dies!
You see here a scroll labeled QIACVI TEAZXOAL.
w - a scroll labeled QIACVI TEAZXOAL You swap places.
There is a stone staircase leading down here.
You see here a frilled lizard corpse.
There is a stone staircase leading up here.
You climb upwards.
Your summoned ally is left behind.
A bat comes into view.
The bat closely misses you.
Found a ration.
There is a stone staircase leading down here.
You barely miss the bat. The bat hits you.
A sky beast comes into view.
You hit the bat.
The bat is moderately wounded.
The bat barely misses you.
Casting: Call Canine Familiar
Confirm with . or Enter, or press ? or * to list all spells.
Aiming: Summon Lightning Spire
Press: ? - help, Dir - move target cursor An electric hum fills the air.
You are feeling hungry.
The bat closely misses you. The bat completely misses you.
The bat hits you but does no damage.
Your lightning spire shoots out a bolt of lightning at the bat!
The bolt of electricity hits the bat.
The bat dies!
You closely miss the sky beast. The sky beast hits you.
The sky beast shocks you.
You barely miss the sky beast. Your bite misses the sky beast.
The sky beast hits you. The sky beast shocks you.
You hit the sky beast but do no damage.
You bite the sky beast, but do no damage.
The sky beast hits you but does no damage.
There is a stone staircase leading down here.
Found a ration.
Found a pair of boots.
The sky beast flickers out of sight!
Found a fustibalus and 7 gold pieces.
A bat comes into view.
A sky beast appears from thin air!
The sky beast flickers out of sight!
You see here a pair of boots.
x - a pair of boots Something completely misses you.
You see here a fustibalus.
y - a fustibalus Something hits you.
Something shocks you.
* * * LOW HITPOINT WARNING * * *
A kobold comes into view. It is wielding a short sword.
Something hits you.
* * * LOW HITPOINT WARNING * * *
Something shocks you.
* * * LOW HITPOINT WARNING * * *
The kobold shouts!
Casting: Summon Lightning Spire
Confirm with . or Enter, or press ? or * to list all spells.
Something hits you.
* * * LOW HITPOINT WARNING * * *
Something shocks you.
You die...

................
................
................∆
......$.........
.............K..
................
...#......########
..............K..#
..##......######@#
.%.............h..#
#.#######.........#
...?#####.........#
b................#
...........###.##
∆...............#
...........# ###
........<.#


You could see a kobold and a friendly hound.

Vanquished Creatures
  An orc wizard (D:2)
  An adder skeleton (D:4)
  3 bats
  4 giant cockroaches (Sewer)
  2 goblins (D:2)
  A hobgoblin (D:1)
  2 jackals
  A quokka (D:3)
  A ball python (D:2)
  12 frilled lizards
  A kobold (D:2)
  A rat (D:3)
30 creatures vanquished.

Vanquished Creatures (collateral kills)
  A bullfrog (Sewer)
  A hound (D:4)
  3 adders (D:4)
  3 leopard geckos (Sewer)
  2 bats
  2 giant cockroaches
  2 goblins (D:1)
  2 hobgoblins (D:1)
  A jackal (D:4)
  A ball python (Sewer)
  2 frilled lizards
  A jackal zombie (D:2)
  A kobold (D:1)
  3 rats
25 creatures vanquished.

Vanquished Creatures (others)
  A ball python (D:1)
  A rat (D:1)
2 creatures vanquished.

Grand Total: 57 creatures vanquished

Notes
Turn   | Place    | Note
-------+----------+-------------------------------------------
     0 | D:1      | tidbits the Gnoll Summoner began the quest for the Orb.
     0 | D:1      | Reached XP level 1. HP: 13/13 MP: 6/6
   271 | D:1      | Reached XP level 2. HP: 10/19 MP: 3/7
   392 | D:2      | Found a sacrificial altar of Ru.
   414 | D:2      | Reached skill level 5 in Spellcasting
   414 | D:2      | Reached skill level 1 in Invocations
   414 | D:2      | Reached XP level 3. HP: 9/25 MP: 6/9
   420 | D:2      | Learned a level 2 spell: Call Imp
   424 | D:2      | Learned a level 3 spell: Call Canine Familiar
   488 | D:2      | Found a deep blue altar of Sif Muna.
   575 | D:4      | Noticed Blork the orc
   587 | D:4      | Found a glowing drain.
   603 | D:4      | Reached skill level 1 in Fighting
   603 | D:4      | Reached skill level 1 in Short Blades
   603 | D:4      | Reached skill level 1 in Long Blades
   603 | D:4      | Reached skill level 1 in Axes
   603 | D:4      | Reached skill level 1 in Maces & Flails
   603 | D:4      | Reached skill level 1 in Polearms
   603 | D:4      | Reached skill level 1 in Staves
   603 | D:4      | Reached skill level 1 in Slings
   603 | D:4      | Reached skill level 1 in Bows
   603 | D:4      | Reached skill level 1 in Crossbows
   603 | D:4      | Reached skill level 1 in Throwing
   603 | D:4      | Reached skill level 1 in Armour
   603 | D:4      | Reached skill level 1 in Shields
   603 | D:4      | Reached skill level 1 in Unarmed Combat
   603 | D:4      | Reached skill level 1 in Evocations
   603 | D:4      | Reached XP level 4. HP: 19/32 MP: 4/11
   621 | D:4      | Learned a level 4 spell: Summon Lightning Spire
   623 | Sewer    | Entered a sewer
   867 | Sewer    | Noticed a bullfrog
   874 | Sewer    | Killed a bullfrog
   874 | Sewer    | Reached skill level 1 in Conjurations
   874 | Sewer    | Reached skill level 1 in Hexes
   874 | Sewer    | Reached skill level 1 in Charms
   874 | Sewer    | Reached skill level 1 in Necromancy
   874 | Sewer    | Reached skill level 1 in Translocations
   874 | Sewer    | Reached skill level 1 in Transmutations
   874 | Sewer    | Reached skill level 1 in Fire Magic
   874 | Sewer    | Reached skill level 1 in Ice Magic
   874 | Sewer    | Reached skill level 1 in Air Magic
   874 | Sewer    | Reached skill level 1 in Earth Magic
   874 | Sewer    | Reached skill level 1 in Poison Magic
   874 | Sewer    | Reached XP level 5. HP: 37/37 MP: 7/12
   926 | D:5      | Entered Level 5 of the Dungeon
   974 | D:3      | Noticed a sky beast
  1007 | D:3      | Slain by a sky beast

Vault maps used:
D:1:      dpeg_arrival_pits, palyth_stone_intersect, roderic_serpentine_path,
          lemuel_flame_loot_1
D:2:      led_sif_pool, nicolae_ru_great_annihilating_truth
D:3:      cheibrodos_thug_alley, lemuel_doored_altar, serial_curves,
          eino_curves_01, eino_curves_03, eino_curves_04, first_ration,
          corexii_corridor_pit, uniq_crazy_yiuf_cottage
D:4:      serial_shops, kennysheep_mini_moat, gup_sewer_entry_glass,
          uniq_blork_the_orc
D:5:      nicolae_overflow_hidden_temple, xom_teletrap_fun, serial_shops,
          nicolae_shop_stone, grunt_ministairs_10
Sewer:    sewer_frog_island_01

Skill      XL: |  1  2  3  4 |
---------------+-------------+-----
Spellcasting   | 5 |  5.1
Invocations    | 1 |  1.5
Fighting       | 1 |  1.4
Short Blades   | 1 |  1.4
Long Blades    | 1 |  1.4
Axes           | 1 |  1.4
Maces & Flails | 1 |  1.4
Polearms       | 1 |  1.4
Staves         | 1 |  1.4
Slings         | 1 |  1.4
Bows           | 1 |  1.4
Crossbows      | 1 |  1.4
Throwing       | 1 |  1.4
Armour         | 1 |  1.4
Shields        | 1 |  1.4
Unarmed Combat | 1 |  1.4
Evocations     | 1 |  1.4
Conjurations   | 1 |  1.1
Hexes          | 1 |  1.1
Charms         | 1 |  1.1
Necromancy     | 1 |  1.1
Translocations | 1 |  1.1
Transmutations | 1 |  1.1
Fire Magic     | 1 |  1.1
Ice Magic      | 1 |  1.1
Air Magic      | 1 |  1.1
Earth Magic    | 1 |  1.1
Poison Magic   | 1 |  1.1
Dodging        | |  4.7
Stealth        | |  4.3
Summonings     | |  7.2

Action                   |  1- 3 |  4- 6 || total
-------------------------+-------+-------++-------
Melee: Hand axe          |    16 |       ||    16
       Short sword       |    34 |    68 ||   102
       Bite              |     1 |     5 ||     6
       Punch             |     1 |       ||     1
 Cast: Summon Small Mamm |    20 |       ||    20
       Call Canine Famil |     1 |     5 ||     6
       Call Imp          |     1 |       ||     1
       Summon Lightning  |       |     3 ||     3
  Use: Potion            |       |     1 ||     1
 Stab: Sleeping          |     3 |     1 ||     4
       Invisible         |     1 |       ||     1
       Paralysed         |     1 |       ||     1
  Eat: Chunk             |       |     1 ||     1
Armor: Robe              |     9 |    14 ||    23
Dodge: Dodged            |    51 |    62 ||   113

Table legend:
 A = Spawn XP
 B = Non-spawn XP
 C = Spawn XP percentage of total XP
 D = Spawn monster count
 E = Non-spawn monster count
 F = Spawn count percentage of total count
 G = Total turns spent on level
                    A         B        C        D         E        F      G
               +---------+---------+-------+---------+---------+-------+---------
         Total |       0 |     209 |   0.0 |       0 |      55 |   0.0 |  1007
               +---------+---------+-------+---------+---------+-------+---------
           D:1 |       0 |      11 |   0.0 |       0 |      10 |   0.0 |   276
           D:2 |       0 |      53 |   0.0 |       0 |      12 |   0.0 |   207
           D:3 |       0 |       6 |   0.0 |       0 |       5 |   0.0 |   110
           D:4 |       0 |      65 |   0.0 |       0 |       9 |   0.0 |   131
         Sewer |       0 |      74 |   0.0 |       0 |      19 |   0.0 |   269
               +---------+---------+-------+---------+---------+-------+---------

Table legend:
 A = Turns spent in this place as a percentage of turns spent in the entire game.
 B = Non-inter-level travel turns spent in this place as a percentage of non-inter-level travel turns spent in the entire game.
 C = Inter-level travel turns spent in this place as a percentage of turns spent in this place.
 D = Turns resting spent in this place as a percentage of non-inter-level travel turns spent in this place.
 E = Turns spent auto-exploring this place as a percentage of non-inter-level travel turns spent in this place.
 F = Non-inter-level travel turns spent in this place divided by the number of levels of this place that you've seen.
                   A       B       C       D       E      F
               +-------+-------+-------+-------+-------+----------------------
         Total | 100.0 | 100.0 |   0.0 |   0.0 |   0.0 | 167.8
       Dungeon |  73.3 |  73.3 |   0.0 |   0.0 |   0.0 | 147.6
         Sewer |  26.7 |  26.7 |   0.0 |   0.0 |   0.0 | 269.0
               +-------+-------+-------+-------+-------+----------------------

Table legend:
 A = Kills in this place as a percentage of kills in entire the game.
 B = Kills by you in this place as a percentage of kills by you in the entire game.
 C = Kills by friends in this place as a percentage of kills by friends in the entire game.
 D = Other kills in this place as a percentage of other kills in the entire game.
 E = Experience gained in this place as a percentage of experience gained in the entire game.
 F = Experience gained in this place divided by the number of levels of this place that you have seen.
                   A       B       C       D       E      F
               +-------+-------+-------+-------+-------+----------------------
         Total | 100.0 | 100.0 | 100.0 |   N/A | 100.0 |  34.8
       Dungeon |  65.5 |  60.0 |  72.0 |   N/A |  64.6 |  27.0
         Sewer |  34.5 |  40.0 |  28.0 |   N/A |  35.4 |  74.0
               +-------+-------+-------+-------+-------+----------------------

Vault maps used:
D:1:      dpeg_arrival_pits, palyth_stone_intersect, roderic_serpentine_path,
          lemuel_flame_loot_1
D:2:      led_sif_pool, nicolae_ru_great_annihilating_truth
D:3:      cheibrodos_thug_alley, lemuel_doored_altar, serial_curves,
          eino_curves_01, eino_curves_03, eino_curves_04, first_ration,
          corexii_corridor_pit, uniq_crazy_yiuf_cottage
D:4:      serial_shops, kennysheep_mini_moat, gup_sewer_entry_glass,
          uniq_blork_the_orc
D:5:      nicolae_overflow_hidden_temple, xom_teletrap_fun, serial_shops,
          nicolae_shop_stone, grunt_ministairs_10
Sewer:    sewer_frog_island_01
